 Dungeon Crawl Stone Soup version 0.29-a0-284-gf9362112df (webtiles) character file.

Game seed: 2408043916269967220

347 YayAnonymity the Magician (level 6, -6/32 HPs)
             Began as a Deep Elf Conjurer on Mar 19, 2022.
             Mangled by a mummy (16 damage)
             ... in an ossuary.
             The game lasted 00:04:44 (2940 turns).

YayAnonymity the Magician (Deep Elf Conjurer)       Turns: 2940, Time: 00:04:45

Health: -6/32      AC:  4    Str:  4    XL:     6   Next: 32%
Magic:  3/18       EV: 12    Int: 25    God:
Gold:   188        SH:  0    Dex: 13    Spells: 17/20 levels left

rFire   . . .      SeeInvis .   g - +1 whip (drain)
rCold   . . .      Faith    .   (no shield)
rNeg    . . .      Spirit   .   n - +2 robe {Will+}
rPois   .          Reflect  .   (no helmet)
rElec   .          Harm     .   (no cloak)
rCorr   .          Rampage  .   (no gloves)
Will    +....                   (no boots)
Stlth   ++........              (no amulet)
HPRegen 0.10/turn               (no ring)
MPRegen 0.16/turn               (no ring)

@: no status effects
A: no striking features
a: no special abilities


You were in an ossuary.
You visited 1 branch of the dungeon, and saw 4 of its levels.
You also visited: Ossuary.

You collected 188 gold pieces.

Inventory:

Hand Weapons
 g - a +1 whip of draining (weapon)
Missiles
 f - 105 stones
 m - 12 poisoned darts
Armour
 n - a +2 robe of willpower (worn)
Scrolls
 a - a scroll of vulnerability {unknown}
 c - 2 scrolls of silence
 d - 2 scrolls of teleportation {unknown}
 e - a scroll of enchant armour {unknown}
 h - 2 scrolls of blinking {unknown}
 j - a scroll of magic mapping {unknown}
 l - 7 scrolls of identify {unknown}
Potions
 b - a potion of magic
 i - a potion of curing {unknown}
 k - 2 potions of haste {unknown}
 o - a potion of berserk rage {unknown}
 p - a potion of flight {unknown}
 q - a potion of attraction {unknown}


   Skills:
 - Level 2.4 Dodging
 - Level 2.4 Stealth
 * Level 7.6 Spellcasting
 + Level 6.0 Conjurations


You had 17 spell levels left.
You knew the following spells:

 Your Spells              Type           Power      Damage    Failure   Level
a - Magic Dart            Conj           100%       1d8       1%          1
b - Searing Ray           Conj           78%        2d7       1%          2

Your spell library contained the following spells:

 Spells                   Type           Power      Damage    Failure   Level
 Conjure Flame            Conj/Fire      24%        6-21      5%          3
 Dazzling Flash           Conj/Hex       48%        N/A       5%          3
 Ignite Poison            Fire/Tmut/Pois 9%         N/A       19%         3
 Fulminant Prism          Conj/Hex       12%        3d9       19%         4
 Iskenderun's Mystic Bla  Conj/Tloc      24%        2d7       19%         4
 Sticky Flame             Conj/Fire      24%        2d5       19%         4


Dungeon Overview and Level Annotations

Branches:
Dungeon (4/15)            Ossuary (1/1)
 Temple: D:4-7

Altars:


Message History

The mummy misses you. x2
The searing ray hits the mummy.
The mummy is severely damaged.
The searing ray hits the mummy.
The mummy is almost destroyed.
You finish channelling your searing ray.
The mummy hits you! The mummy hits you but does no damage.
Casting: Searing Ray (safe; 1% risk of failure)
Confirm with . or Enter, or press ? or * to list all spells.
Aiming: Magic Dart (safe; 1% risk of failure)
Press: ? - help, Shift-Dir - straight line, f/p - mummy
Aim: a mummy (moderately damaged, 100% to hit)
The magic dart hits the mummy.
The mummy is heavily damaged.
The mummy hits you. The mummy hits you but does no damage.
Casting: Magic Dart (safe; 1% risk of failure)
Confirm with . or Enter, or press ? or * to list all spells.
Aiming: Magic Dart (safe; 1% risk of failure)
Press: ? - help, Shift-Dir - straight line, f/p - mummy
Aim: a mummy (heavily damaged, 100% to hit)
The magic dart hits the mummy.
The mummy is severely damaged.
The mummy hits you! The mummy barely misses you.
Casting: Magic Dart (safe; 1% risk of failure)
Confirm with . or Enter, or press ? or * to list all spells.
Aiming: Magic Dart (safe; 1% risk of failure)
Press: ? - help, Shift-Dir - straight line, f/p - mummy
Aim: a mummy (severely damaged, 100% to hit)
The magic dart hits the mummy but does no damage.
The mummy is severely damaged.
Casting: Magic Dart (safe; 1% risk of failure)
Confirm with . or Enter, or press ? or * to list all spells.
Aiming: Magic Dart (safe; 1% risk of failure)
Press: ? - help, Shift-Dir - straight line, f/p - mummy
Aim: a mummy (severely damaged, 100% to hit)
The magic dart hits the mummy.
The mummy is almost destroyed.
The mummy hits you!
Ouch! That really hurt!
You die...

####
#..######
##......#
#...∩.∩.+
##MM....#
#.@######
####


You could see 2 mummies.

Vanquished Creatures
  Sigmund (D:3)
  A scorpion (D:4)
  Terence (D:3)
  2 mummies
  An adder (D:3)
  3 worms
  5 orcs
  6 ball pythons
  5 endoplasms
  A giant cockroach (D:3)
  4 goblins
  7 hobgoblins
  6 jackals (D:1)
  5 kobolds
  2 quokkas
  A bat (D:1)
  3 frilled lizards
  2 rats
56 creatures vanquished.

Notes
Turn   | Place    | Note
-------+----------+-------------------------------------------
     0 | D:1      | YayAnonymity the Deep Elf Conjurer began the quest for the
                  | Orb.
     0 | D:1      | Reached XP level 1. HP: 10/10 MP: 6/6
   162 | D:1      | Found a faded altar of an unknown god.
   428 | D:1      | Reached XP level 2. HP: 15/15 MP: 5/8
   910 | D:1      | Reached skill level 4 in Spellcasting
  1225 | D:2      | Learned a level 2 spell: Searing Ray
  1387 | D:2      | Reached XP level 3. HP: 19/19 MP: 8/10
  1536 | D:2      | You fall into a shaft and drop 1 floor!
  1992 | D:3      | Noticed Terence
  1999 | D:3      | Killed Terence
  2000 | D:3      | Reached skill level 5 in Spellcasting
  2000 | D:3      | Reached skill level 5 in Conjurations
  2000 | D:3      | Reached XP level 4. HP: 24/24 MP: 3/13
  2158 | D:3      | Noticed Sigmund
  2169 | D:3      | Killed Sigmund
  2170 | D:3      | Reached skill level 6 in Spellcasting
  2170 | D:3      | Reached XP level 5. HP: 28/28 MP: 8/16
  2323 | D:3      | Reached skill level 7 in Spellcasting
  2612 | D:4      | Reached XP level 6. HP: 14/32 MP: 7/18
  2914 | D:4      | Found a sand-covered staircase.
  2923 | Ossuary  | Entered an ossuary
  2940 | Ossuary  | Mangled by a mummy

Illustrated notes

Levels and vault maps discovered:
D:1:      dpeg_arrival_snail, layout_basic, hellmonk_ecumenical_altar_blasted
D:2:      layout_basic
D:3:      layout_rooms, uniq_sigmund, uniq_terence
D:4:      minmay_inner_zag, layout_rooms, nicolae_overflow_crystal_walls,
          gup_ossuary_entry_pyramid
Ossuary:  ossuary_minmay_chase

Skill      XL: |  1  2  3  4  5  6 |
---------------+-------------------+-----
Spellcasting   | 4 5 6 7 |  7.6
Conjurations   | 5 6 |  6.0
Dodging        | |  2.4
Stealth        | |  2.4

Action                   |  1- 3 |  4- 6 || total
-------------------------+-------+-------++-------
 Cast: Magic Dart        |    66 |    38 ||   104
       Searing Ray       |     1 |     8 ||     9
  Use: Scroll            |       |     1 ||     1
Armor: Robe              |     1 |     7 ||     8
Dodge: Dodged            |     3 |    12 ||    15

Table legend: (Time is in decaauts)
 A = Elapsed time spent in this place.
 B = Non-inter-level travel time spent in this place.
 C = Inter-level travel time spent in this place.
 D = Time resting spent in this place.
 E = Time spent auto-exploring this place.
 F = Levels seen in this place.
 G = Mean time per level.
                   A        B        C        D        E       F      G
               +--------+--------+--------+--------+--------+-----+--------+
         Total |   2940 |   2822 |    118 |    106 |   2321 |   5 |  588.0 |
       Dungeon |   2924 |   2806 |    118 |    106 |   2321 |   4 |  731.0 |
       Ossuary |     16 |     16 |      0 |      0 |      0 |   1 |   16.0 |
               +--------+--------+--------+--------+--------+-----+--------+

Top non-repeatable levels by time:
     D:1: 1137 daAuts
     D:2: 758 daAuts
     D:3: 645 daAuts
     D:4: 383 daAuts
 Ossuary: 16 daAuts
